cohdb
Replays
Latest Replays
All Replays
Popular Replays
Top Player Replays
Match Explorer
How It Works
Community
CoH3 Stats
Reddit
Sign in to upload your games and track your stats! →
Sign in with Steam
Match 43686159
Unlisted
Match 43686159
Overview
Messages
Build Orders
End
Royal Engineer Section
Construct Section Command Post
Selects Canadian Shock Battlegroup
Infantry Section
Vickers Machine Gun Team
Infantry Section
Construct Field Infirmary
Selects Offensive Resupply
Grenade Package
Construct Platoon Command Post
Selects Canadian Shock Section
Humber Armored Car
6-pounder Anti-tank Gun Team
Selects Burnout
Construct Company Command Post
Canadian Shock Section
Selects Pyrotechnics
Burnout
Matilda II Heavy Tank
Canadian Shock Section
Matilda II Heavy Tank
Selects Churchill Crocodile Heavy Tank
Canadian Shock Section
Churchill Crocodile Heavy Tank
Selects Point Assault
Aaron Uk
OrdinaryWalnut
DrewP
Dillbro
0
0
Comments
sign in to comment!
No comments posted yet!